 Dungeon Crawl Stone Soup version 0.18-a0-337-g1235303 (webtiles) character file.

32 Raultor the Changer (level 3, -2/28 HPs)
             Began as a Draconian Transmuter on Nov 28, 2015.
             Slain by a hobgoblin (4 damage)
             ... on level 1 of the Dungeon.
             The game lasted 00:02:12 (653 turns).

Raultor the Changer (Draconian Transmuter)           Turns: 653, Time: 00:02:12

Health: -2/28      AC:  5    Str: 13    XL:     3   Next: 8%
Magic:  6/6        EV: 12    Int: 13    God:
Gold:   29         SH:  0    Dex: 11    Spells: 1 memorised, 5 levels left

rFire  . . .     SeeInvis .       - Unarmed
rCold  . . .     Clarity  .     (armour unavailable)
rNeg   . . .     SustAt   .     (no shield)
rPois  .         Gourm    .     (helmet restricted)
rElec  .         Spirit   .     (no cloak)
rCorr  .         Warding  .     (no gloves)
rMut   .         Stasis   .     (no boots)
MR     .....                    (no amulet)
Stlth  +.........               (no ring)
                                (no ring)

@: appendage (expiring), very slightly contaminated, hasted, very quick, not
resistant to hostile enchantments, very unstealthy
A: unfitting armour, horns 2, cold-blooded, AC +5
a: End Transformation


You were on level 1 of the Dungeon.
You were not hungry.
You had grown temporary horns.
You visited 1 branch of the dungeon, and saw 2 of its levels.

You collected 29 gold pieces.

Inventory:

Missiles
 a - 32 arrows
 i - 9 poisoned needles
Scrolls
 d - a scroll of amnesia {unknown}
 g - 2 scrolls of remove curse {unknown}
 h - 2 scrolls of identify {unknown}
 k - a scroll of enchant armour {unknown}
Potions
 f - a potion of flight {unknown}
 l - a potion of curing {unknown}
Books
 b - a book of Changes

   Spells                             Type                      Level
   a - Beastly Appendage              Transmutation                1
   b - Sticks to Snakes               Transmutation                2
   c - Spider Form                    Transmutation/Poison         3
   d - Ice Form                       Ice/Transmutation            4
   e - Blade Hands                    Transmutation                5
Comestibles
 c - a bread ration
 j - 2 chunks of flesh


   Skills:
 - Level 1.1 Fighting
 - Level 1.7 Dodging
 - Level 3.0 Unarmed Combat
 - Level 2.0 Spellcasting
 + Level 3.6 Transmutations


You had 5 spell levels left.
You knew the following spells:

 Your Spells              Type           Power        Failure   Level  Hunger
a - Beastly Appendage     Trmt           ##....       8%          1    ##.....


Dungeon Overview and Level Annotations

Branches:
Dungeon (2/15)

Altars:


Innate Abilities, Weirdness & Mutations

Your plain brown scales are hard (AC +5).
Your body does not fit into most forms of armour.
You are cold-blooded and may be slowed by cold attacks.
You have a pair of horns on your head.


Message History

* * * LOW HITPOINT WARNING * * *
The adder misses you.
Drink which item? (? for menu, Esc to quit)
It was a potion of haste.
You feel yourself speed up. The adder bites you but does no damage.
The hobgoblin hits you but does no damage.
You are very lightly contaminated with residual magic.
You miss the adder.
Your tail-slap misses the adder.
The adder is severely wounded.
The adder barely misses you. The hobgoblin misses you.
You barely miss the adder. Your headbutt misses the adder.
The adder is severely wounded.
The adder completely misses you.
You barely miss the adder. Your headbutt misses the adder.
The adder is severely wounded.
The hobgoblin closely misses you. The adder closely misses you.
You hit the adder. Your headbutt misses the adder.
The adder is almost dead.
The hobgoblin hits you.
You die...

##..........# #......#
.#..........# #......#
............# ##....##
............#### ##...####
#..............###########.#...#.
.#..........##...................
.#....)............##....#.###...
..>.............##.#.......###.#.
.........######.@.........[##..##
##.#...###....##gS.........##...#
##.###...#.##..##.............#..
##.# ##..#..##..##.............##
##.###..##.......##..............
##.÷...##..##.#...##......#......
..##..##...#..##...##.....##...##
.....##..#.#..###.†.#.....##.....
....##..##..#.# ##..##....##...#.


You could see an adder and a hobgoblin.

Vanquished Creatures
  3 giant geckos (D:1)
  3 bats (D:1)
  A giant cockroach (D:1)
  3 goblins
  3 hobgoblins (D:1)
  6 kobolds (D:1)
  2 ball pythons (D:1)
  8 rats (D:1)
29 creatures vanquished.

Notes
Turn   | Place    | Note
--------------------------------------------------------------
     0 | D:1      | Raultor the Draconian Transmuter began the quest for the Orb.
     0 | D:1      | Reached XP level 1. HP: 16/16 MP: 3/3
    89 | D:1      | Reached XP level 2. HP: 20/23 MP: 5/5
   501 | D:1      | Reached XP level 3. HP: 15/28 MP: 6/6
   648 | D:1      | HP: 1/28 [hobgoblin (1)]
   653 | D:1      | Slain by a hobgoblin

Vault maps used:
D:1:      dpeg_chamrin_arrival_tetris
D:2:      grunt_dithmenos_smoke_and_mirrors, first_bread,
          minmay_misc_feat_pillars

Action                   || total
-------------------------++-------
Melee: Unarmed           ||   140
 Cast: Beastly Appendage ||     3
  Use: Potion            ||     1
 Stab: Sleeping          ||     1
